 Dungeon Sprint DCSS version 0.31-a0-868-g674d60d6f7 (webtiles) character file.

Game seed: 5172007556666256302

987 rocky1 the Nimble (level 8, -2/62 HPs)
             Began as a Djinni Gladiator on Oct 12, 2023.
             Was an Initiate of Gozag.
             Shot with a bolt by a yaktaur captain (20 damage)
             ... in the Dungeon (Sprint II: "The Violet Keep of Menkaure").
             The game lasted 00:02:17 (651 turns).

rocky1 the Nimble (Djinni Gladiator)                 Turns: 651, Time: 00:02:18

Health: -2/62      AC:  4    Str: 13    XL:     8   Next: 41%
Gold:   1512       EV: 18    Int: 10    God:    Gozag SH:  0 Dex: 17

rFire   + + .        a - +0 long sword
rCold   x . .        (no shield)
rNeg    . . .        b - +0 leather armour
rPois   ∞            c - +0 helmet
rElec   .            (no cloak)
rCorr   .            (no gloves)
SInv    .            (boots unavailable)
Will    .....        (no amulet)
Stlth   ++           (no ring)
HPRegen 0.30/turn    (no ring)
MPRegen 0.00/turn

%: no teleportation, infuse magic (-3 HP)
@: flying
A: sickness immunity, fire resistance 2, cold vulnerability 1, float, innate
caster, HP casting, extra vitality 1
a: Renounce Religion, Potion Petition, Call Merchant, Bribe Branch


You were in the Dungeon.
You worshipped Gozag.
Gozag was most pleased with you.
You visited 1 branch You collected 1512 gold pieces.

Inventory:

Hand Weapons
 a - a +0 long sword (weapon)
Missiles
 d - 3 throwing nets (quivered)
 e - a javelin
Armour
 b - a +0 leather armour (worn)
 c - a +0 helmet (worn)
Scrolls
 j - a scroll of blinking
Potions
 f - a potion of curing
 g - a potion of heal wounds
Miscellaneous
 i - a box of beasts


   Skills:
 + Level 6.9 Fighting
 + Level 10.8 Long Blades
 - Level 2.3 Throwing
 + Level 5.0 Armour
 + Level 10.8 Dodging
 + Level 1.7 Stealth
 * Level 1.8 Spellcasting
 * Level 1.8 Conjurations
 * Level 1.8 Hexes
 * Level 1.8 Summonings
 * Level 1.8 Necromancy
 * Level 1.8 Translocations
 * Level 1.8 Transmutations
 * Level 1.8 Fire Magic
 * Level 1.8 Ice Magic
 * Level 1.8 Air Magic
 * Level 1.8 Earth Magic
 * Level 1.8 Poison Magic


You knew the following spells:

 Your Spells              Type           Power      Damage    Failure   Level
a - Apportation           Tloc           8%         N/A       19%         1
b - Passwall              Tmut/Erth      3%         N/A       28%         2
c - Confusing Touch       Hex            4%         N/A       50%         3
Your spell library was empty.

Dungeon Overview and Level Annotations

Branches:
Dungeon (1/1)

Altars:
Cheibriados
Dithmenos
Elyvilon
Fedhas
Gozag
Hepliaklqana
Makhleb
Nemelex Xobeh
Okawaru
Qazlal
Ru
Trog
Uskayaw
Wu Jian
Xom
Yredelemnul
Zin
The Shining One
Jiyva
Lugonu

Shops:
D !(!?([:(=

Annotations:
D exclusion: orange crystal statue, Kirke


Innate Abilities, Weirdness & Mutations

You are immune to sickness and miasma.
You are immune to poison.
Your flesh is very heat resistant. (rF++)
You are vulnerable to cold. (rC-)
You float through the air rather than walking.
You learn spells naturally, not from books.
Your magical power is your life essence.
You have superior vitality. (+4 MHP)


Message History

Menkaure, Prince of Dust comes into view.
The orange crystal statue is engulfed in mutagenic fog.
Kirke, a yaktaur captain and a kobold demonologist come into view.
Found Ybotio's Weapon Boutique and Dujerghich's Jewellery Shop.
The kobold demonologist shouts!
Menkaure shouts!
The yaktaur captain shouts!
You hear an angry hiss.
The kobold demonologist is distracted by your dazzling golden aura.
You hear a trumpeting!
The kobold demonologist shouts!
Kirke shouts!
You hit Menkaure.
Menkaure is moderately damaged.
Menkaure casts a spell at you. Pain shoots through your body!
You slash Menkaure!
Menkaure is heavily damaged.
Menkaure points at you and mumbles some strange words.
Pain shoots through your body!
You hit Menkaure.
Menkaure is severely damaged.
Menkaure misses you.
You slash Menkaure!
You destroy Menkaure!
The kobold demonologist is no longer distracted by gold.
Your Armour skill increases to level 5!
Found Ylui's Antique Armour Boutique and Munkyiwn's Book Shop.
A skeletal warrior comes into view. It is wielding a +0 scimitar of venom.
You see here 45 gold pieces.
You now have 1512 gold pieces (gained 45).
The kobold demonologist is distracted by your dazzling golden aura.
Found Adghy's Magic Scroll Boutique and Ekoarghe's Antique Weapon Shop.
Found Bomayrhe's Distillery.
The yaktaur captain wields a +0 arbalest.
The yaktaur captain shoots a bolt.
The bolt hits you!!
* * * LOW HITPOINT WARNING * * *
You hear a shout!
Unknown command.
Found Jorues's Distillery and Netivok's Weapon Boutique.
The yaktaur captain shoots a bolt.
The bolt hits you!!
You die...
Your body crumbles into a pile of gold.

# §≈8§§§§≈ .K#### ≈≈§≈≈≈
..c~## ≈§≈≈
#######~~#+++#+++##
######~~@.........#
.....#~~~~.##'##..#
....∩#~~~~##.#.##.###
...∩.#~~~~#.##..# ...
∩.∩.∩#~@#####..####..##
.∩.∩.#~##.###'###.##..#
∩.∩..#~#...##.##.).#..#
.⌠...+~+.##'.<.'.#.+..##
.....#~#...##.##...#....
▓▓▓# #~##.###'###.##....
### ##~ #####.#####~~...
## #..#..#~~~~~~~ #
##.#.##~~~~~~~


You could see Kirke and a yaktaur captain.

Vanquished Creatures
  A merfolk siren (D)
  Menkaure (D)
  4 necrophages (D)
  4 scorpions (D)
  3 worms (D)
13 creatures vanquished.

Vanquished Creatures (others)
  A water moccasin (D)
1 creature vanquished.

Grand Total: 14 creatures vanquished

Notes
Turn   | Place    | Note
-------+----------+-------------------------------------------
     0 | D        | rocky1 the Djinni Gladiator began the quest for the Orb.
     0 | D        | Reached XP level 1. HP: 18/18 MP: 0/0
     1 | D        | Noticed a scorpion
     1 | D        | Noticed a scorpion
    12 | D        | Killed a scorpion
    13 | D        | Reached skill level 5 in Long Blades
    13 | D        | Reached skill level 1 in Armour
    13 | D        | Reached XP level 2. HP: 11/24 MP: 0/0
    13 | D        | Reached XP level 3. HP: 14/29 MP: 0/0
    13 | D        | Learned a level 1 spell: Apportation
    13 | D        | Reached XP level 4. HP: 16/34 MP: 0/0
    15 | D        | Killed a scorpion
    16 | D        | Reached XP level 5. HP: 18/40 MP: 0/0
    16 | D        | Learned a level 2 spell: Passwall
    31 | D        | HP: 2/41 [scorpion (5)]
    35 | D        | Reached XP level 6. HP: 4/47 MP: 0/0
   197 | D        | Noticed a flying skull
   198 | D        | Noticed a flying skull
   201 | D        | Noticed a flying skull
   201 | D        | Noticed a flying skull
   201 | D        | Noticed a flying skull
   202 | D        | Noticed a water moccasin
   203 | D        | Found a snail-covered altar of Cheibriados.
   203 | D        | Found a viscous altar of Jiyva.
   203 | D        | Found a hazy altar of Hepliaklqana.
   203 | D        | Found a stormy altar of Qazlal.
   203 | D        | Found a shadowy altar of Dithmenos.
   204 | D        | Found a white marble altar of Elyvilon.
   204 | D        | Found a sacrificial altar of Ru.
   205 | D        | Found a blossoming altar of Fedhas.
   205 | D        | Found a corrupted altar of Lugonu.
   205 | D        | Found an ornate altar of the Wu Jian Council.
   210 | D        | Killed a water moccasin
   215 | D        | Found an opulent altar of Gozag.
   215 | D        | Found a burning altar of Makhleb.
   215 | D        | Found a bloodstained altar of Trog.
   216 | D        | Found a sparkling altar of Nemelex Xobeh.
   216 | D        | Found a hide-covered altar of Uskayaw.
   217 | D        | Found an iron altar of Okawaru.
   217 | D        | Found a glowing silver altar of Zin.
   217 | D        | Found a basalt altar of Yredelemnul.
   219 | D        | Found a shimmering altar of Xom.
   220 | D        | Found a glowing golden altar of the Shining One.
   223 | D        | Noticed a water moccasin
   223 | D        | Noticed a water moccasin
   226 | D        | Became a worshipper of Gozag Ym Sagoz the Greedy
   246 | D        | Noticed a flying skull
   247 | D        | Noticed a flying skull
   247 | D        | Noticed a flying skull
   248 | D        | Noticed a flying skull
   248 | D        | Noticed a flying skull
   248 | D        | Noticed a flying skull
   249 | D        | Noticed a flying skull
   286 | D        | Noticed a merfolk siren
   304 | D        | Killed a merfolk siren
   305 | D        | Reached skill level 10 in Dodging
   305 | D        | Reached skill level 1 in Stealth
   305 | D        | Reached XP level 7. HP: 35/56 MP: 0/0
   305 | D        | Learned a level 3 spell: Confusing Touch
   324 | D        | Reached skill level 10 in Long Blades
   338 | D        | Reached skill level 1 in Spellcasting
   338 | D        | Reached skill level 1 in Conjurations
   338 | D        | Reached skill level 1 in Hexes
   338 | D        | Reached skill level 1 in Summonings
   338 | D        | Reached skill level 1 in Necromancy
   338 | D        | Reached skill level 1 in Translocations
   338 | D        | Reached skill level 1 in Transmutations
   338 | D        | Reached skill level 1 in Fire Magic
   338 | D        | Reached skill level 1 in Ice Magic
   338 | D        | Reached skill level 1 in Air Magic
   338 | D        | Reached skill level 1 in Earth Magic
   338 | D        | Reached skill level 1 in Poison Magic
   338 | D        | Reached XP level 8. HP: 23/62 MP: 0/0
   626 | D        | Noticed an orange crystal statue
   641 | D        | Noticed Menkaure
   642 | D        | Found Ybotio's Weapon Boutique.
   642 | D        | Found Dujerghich's Jewellery Shop.
   642 | D        | Noticed Kirke
   642 | D        | Noticed a yaktaur captain
   642 | D        | Noticed a kobold demonologist
   646 | D        | Killed Menkaure
   647 | D        | Reached skill level 5 in Armour
   647 | D        | Found Ylui's Antique Armour Boutique.
   647 | D        | Found Munkyiwn's Book Shop.
   647 | D        | Noticed a skeletal warrior
   649 | D        | Found Adghy's Magic Scroll Boutique.
   649 | D        | Found Ekoarghe's Antique Weapon Shop.
   650 | D        | Found Bomayrhe's Distillery.
   651 | D        | Found Jorues's Distillery.
   651 | D        | Found Netivok's Weapon Boutique.
   651 | D        | Shot with a bolt by a yaktaur captain

Illustrated notes

Levels and vault maps discovered:
D:        the_violet_keep_of_menkaure [sprint2_stairs_cluster_1,
          sprint2_shoproom, sprint2_temple, sprint2_basic_supplies,
          sprint2_obstacle_7, sprint2_obstacle_1, sprint2_obstacle_4,
          sprint2_obstacle_3, sprint2_obstacle_6, sprint2_timed_cluster_1,
          sprint2_smallroom_cluster_1, sprint2_smallroom_final_cluster_1,
          sprint2_transparent_cluster_1, sprint2_second_timed_cluster_1,
          sprint2_sniper_area_1, sprint2_heavy_combat_area_1,
          sprint2_mutation_trap_area_1, sprint2_forest_area_1,
          sprint2_light_combat_area_1, sprint2_behind_water_1,
          sprint2_near_end_vault_1]

Skill      XL: |  1  2  3  4  5  6  7  8 |
---------------+-------------------------+-----
Long Blades    | 5 6 7 9 10 | 10.8
Throwing       | 2 |  2.3
Armour         | 1 3 4 5 |  5.0
Dodging        | 6 7 8 10 | 10.8
Fighting       | 3 4 6 |  6.9
Stealth        | 1 |  1.7
Spellcasting   | 1 |  1.8
Conjurations   | 1 |  1.8
Hexes          | 1 |  1.8
Summonings     | 1 |  1.8
Necromancy     | 1 |  1.8
Translocations | 1 |  1.8
Transmutations | 1 |  1.8
Fire Magic     | 1 |  1.8
Ice Magic      | 1 |  1.8
Air Magic      | 1 |  1.8
Earth Magic    | 1 |  1.8
Poison Magic   | 1 |  1.8

Action                     |  1- 3 |  4- 6 |  7- 9 || total
---------------------------+-------+-------+-------++-------
  Melee: Long sword        |    10 |    36 |    48 ||    94
         Punch             |       |       |     1 ||     1
    Use: Potion            |     1 |     1 |       ||     2
   Stab: Sleeping          |       |       |     2 ||     2
 Armour: Leather armour    |     6 |    16 |    12 ||    34
  Dodge: Dodged            |     3 |    24 |    18 ||    45

Table legend: (Time is in decaauts)
 A = Elapsed time spent in this place.
 B = Non-inter-level travel time spent in this place.
 C = Inter-level travel time spent in this place.
 D = Time resting spent in this place.
 E = Time spent auto-exploring this place.
 F = Levels seen in this place.
 G = Mean time per level.
                   A        B        C        D        E       F      G
               +--------+--------+--------+--------+--------+-----+--------+
         Total |    636 |    636 |      0 |    375 |      0 |   1 |  636.0 |
       Dungeon |    636 |    636 |      0 |    375 |      0 |   1 |  636.0 |
               +--------+--------+--------+--------+--------+-----+--------+

Top non-repeatable levels by time:
       D: 636 daAuts
